 Dungeon Crawl Stone Soup version 0.31-a0-662-g684573625c (webtiles) character file.

Game seed: 9557389572211898302

6725 AdnanSaban the Basher (level 11, -4/68 HPs)
             Began as a Gargoyle Fighter on Sept 1, 2023.
             Was a Priest of Okawaru.
             Slain by a yak (10 damage)
             ... on level 9 of the Dungeon.
             The game lasted 00:09:39 (9478 turns).

AdnanSaban the Basher (Gargoyle Fighter)            Turns: 9478, Time: 00:09:40

Health: -4/68      AC: 25    Str: 24    XL:     11   Next: 4%
Magic:  11/11      EV:  8    Int:  9    God:    Okawaru [***...]
Gold:   515        SH:  5    Dex:  9    Spells: 10/10 levels left

rFire   . . .        B - +0 flail (venom)
rCold   . . .        c - +0 buckler
rNeg    + . .        G - +0 plate armour
rPois   ∞            (no helmet)
rElec   +            (no cloak)
rCorr   .            s - +0 pair of gloves
SInv    .            q - +0 pair of boots
Will    .....        (no amulet) Stlth
                     (no ring)
HPRegen 0.31/turn    (no ring)
MPRegen 0.12/turn

%: no passive effects
@: no status effects
A: sickness immunity, AC +8, negative energy resistance 1, electricity
resistance, torment resistance 1, petrification resistance
a: Renounce Religion, Heroism


You were on level 9 of the Dungeon.
You worshipped Okawaru.
Okawaru was most pleased with you.
You visited 2 branches of the dungeon, and saw 11 of its levels.

You collected 515 gold pieces.

Inventory:

Hand Weapons
 B - a +0 flail of venom (weapon)
Missiles
 a - a curare-tipped dart
 g - 18 poisoned darts (quivered)
 t - 8 boomerangs
 E - a throwing net
Armour
 c - a +0 buckler (worn)
 q - a +0 pair of boots (worn)
 s - a +0 pair of gloves (worn)
 G - a +0 plate armour (worn)
Scrolls
 e - 2 scrolls of fog {unknown}
 h - 2 scrolls of enchant weapon {unknown}
 i - 12 scrolls of identify {unknown}
 k - 4 scrolls of revelation {unknown}
 l - 3 scrolls of fear {unknown}
 m - a scroll of enchant armour {unknown}
 p - a scroll of blinking {unknown}
 r - a scroll of silence {unknown}
 v - 2 scrolls of teleportation {unknown}
 x - a scroll of poison {unknown}
 y - a scroll of noise {unknown}
 C - a scroll of immolation {unknown}
 F - a scroll of brand weapon {unknown}
Potions
 d - 2 potions of might
 f - 4 potions of curing {unknown}
 j - a potion of resistance {unknown}
 n - a potion of ambrosia
 o - 2 potions of lignification {unknown}
 u - 2 potions of haste {unknown}
 w - a potion of attraction {unknown}
 z - a potion of brilliance {unknown}
 A - 4 potions of berserk rage {unknown}
 D - 2 potions of heal wounds {unknown}


   Skills:
 + Level 7.8 Fighting
 + Level 10.7 Maces & Flails
 + Level 2.2 Throwing
 + Level 9.2 Armour
 + Level 3.5 Dodging
 + Level 1.9 Stealth
 + Level 6.5 Shields
 * Level 1.1 Invocations


You had 10 spell levels left.
You didn't know any spells.
Your spell library contained the following spells:

 Spells                   Type           Power      Damage    Failure   Level
 Freeze                   Ice            0%         1d3       99%         1
 Frozen Ramparts          Ice            0%         1d1       100%        3
 Hailstorm                Conj/Ice       0%         3d3       100%        3
 Petrify                  Tmut/Erth      0%         N/A       100%        4
 Irradiate                Conj/Tmut      0%         3d11      100%        5
 Sublimation of Blood     Necr           Unusable   N/A       N/A         2

Dungeon Overview and Level Annotations

Branches:
Dungeon (10/15)            Temple (1/1) D:7
   Lair: D:8-11         Orc: D:9-12

Altars:
Ashenzari
Cheibriados
Dithmenos
Elyvilon
Fedhas
Gozag
Hepliaklqana
Kikubaaqudgha
Makhleb
Nemelex Xobeh
Okawaru
Qazlal
Ru
Sif Muna
Trog
Uskayaw
Wu Jian
Xom
Yredelemnul
Zin
The Shining One

Annotations:
D:6 2 transporters, wamuu's ghost, novice MiGl


Innate Abilities, Weirdness & Mutations

You are immune to sickness and miasma.
Your stone body is resilient. (AC +8)
You are immune to poison.
You resist negative energy. (rN+)
You are resistant to electric shocks. (rElec)
You are resistant to unholy torment.
You are immune to petrification.


Message History

You hit the yak but do no damage.
The yak looks as sick as possible!
The yak is severely wounded.
The yak gores you but does no damage.
You hit the yak but do no damage.
The yak looks as sick as possible!
The yak is severely wounded.
The yak closely misses you.
You barely miss the yak.
The yak is severely wounded.
The yak gores you but does no damage.
You hit the yak.
The yak looks as sick as possible!
The yak is almost dead.
The yak closely misses you.
You hit the yak but do no damage.
The yak is almost dead.
The yak gores you.
* * * LOW HITPOINT WARNING * * *
You hit the yak but do no damage.
The yak looks as sick as possible!
The yak is almost dead.
You kill the yak!
Okawaru accepts your kill.
Your Invocations skill increases to level 1!
You sock the yak!
The yak is poisoned.
The yak is moderately wounded.
You block the yak's attack.
You barely miss the yak.
The yak is moderately wounded.
The yak gores you!
* * * LOW HITPOINT WARNING * * *
You hit the yak.
The yak is heavily wounded.
The yak closely misses you.
You hit the yak.
The yak looks as sick as possible!
The yak is severely wounded.
The yak gores you but does no damage. The yak attacks as it pursues you!
The yak gores you but does no damage. The yak attacks as it pursues you!
You block the yak's attack.
You hit the yak.
The yak is almost dead.
The yak gores you!
You die...

#.........#...#...#.....#.#
#.........#...#...........#
#.........'...#.......#####
######.........#...#......#######
..........######...#####.........
.....[....#...............#......
..........#..............[#......
..........#...............#......
.....<....#.....@.........#......
..........#.....Y.........'......
..........#...............#......
..........#.####.##..##...#......
#####'#####.####[##..############
..................#........#....#
..................#........#....+
..................#........#....#
####..########..[###...#####..###


You could see a yak (very poisoned).

Vanquished Creatures
  A meliai (D:8)
  A troll (D:9)
  A slime creature (D:8)
  9 yaks
  3 wyverns
  A steam dragon (D:8)
  An acid dragon (D:8)
  Duvessa (D:5)
  2 water moccasins
  3 ice beasts
  An orc warrior (D:8)
  3 black bears
  A sky beast (D:3)
  4 centaurs
  2 phantoms
  3 kobold brigands
  8 bullfrogs
  5 scorpions
  12 wights
  Dowan (D:5)
  A killer bee (D:9)
  4 howler monkeys
  3 hounds
  2 orc priests (D:9)
  2 jellies
  7 iguanas
  A sleepcap (D:8)
  3 orc wizards
  7 gnolls
  2 river rats (D:5)
  4 adders
  A shadow imp (D:7)
  2 white imps
  An ufetubus (D:4)
  8 worms
  7 dart slugs
  20 orcs
  9 bats
  6 endoplasms
  3 giant cockroaches
  9 goblins
  9 hobgoblins
  2 jackals (D:2)
  18 kobolds
  6 quokkas
  7 ball pythons
  A frilled lizard (D:1)
  9 rats
217 creatures vanquished.

Notes
Turn   | Place    | Note
-------+----------+-------------------------------------------
     0 | D:1      | AdnanSaban the Gargoyle Fighter began the quest for the
                  | Orb.
     0 | D:1      | Reached XP level 1. HP: 14/14 MP: 1/1
    99 | D:1      | Reached XP level 2. HP: 15/19 MP: 2/2
   421 | D:1      | Reached XP level 3. HP: 21/23 MP: 3/3
   891 | D:2      | Reached XP level 4. HP: 29/29 MP: 4/4
  1019 | D:2      | Found a faded altar of an unknown god.
  1027 | D:2      | Reached skill level 3 in Maces & Flails
  1536 | D:3      | Noticed a sky beast
  1565 | D:3      | Killed a sky beast
  1566 | D:3      | Reached skill level 4 in Maces & Flails
  1566 | D:3      | Reached XP level 5. HP: 14/33 MP: 5/5
  1569 | D:3      | Found a stormy altar of Qazlal.
  2058 | D:3      | Reached XP level 6. HP: 36/38 MP: 6/6
  2217 | D:3      | Identified the staff "Decezu" {rPois rC+ Will+ rCorr Int-4
                  | Ice}
  2438 | D:4      | Found a blossoming altar of Fedhas.
  2794 | D:4      | Reached skill level 1 in Dodging
  2865 | D:4      | Reached skill level 5 in Maces & Flails
  2904 | D:4      | Found a shimmering blue altar of Sif Muna.
  3209 | D:5      | Entered Level 5 of the Dungeon
  3309 | D:5      | Noticed an ice beast
  3375 | D:5      | Noticed Duvessa
  3427 | D:4      | Reached XP level 7. HP: 10/44 MP: 7/7
  3568 | D:5      | Reached skill level 5 in Armour
  3711 | D:5      | Noticed Dowan
  3753 | D:5      | Killed Duvessa
  3922 | D:5      | Killed Dowan
  3944 | D:5      | Found a snail-covered altar of Cheibriados.
  4074 | D:5      | Reached skill level 6 in Maces & Flails
  4074 | D:5      | Reached XP level 8. HP: 48/48 MP: 8/8
  4129 | D:5      | Reached skill level 5 in Fighting
  4531 | D:5      | Found a glowing golden altar of the Shining One.
  4880 | D:6      | Found an opulent altar of Gozag.
  4890 | D:6      | Reached skill level 7 in Maces & Flails
  5064 | D:6      | Found a transporter.
  5295 | D:6      | Reached XP level 9. HP: 55/55 MP: 9/9
  5360 | D:6      | Noticed a queen bee
  5361 | D:6      | Found a transporter.
  5361 | D:6      | Noticed wamuu's ghost (novice MiGl)
  5456 | D:6      | Found a hide-covered altar of Uskayaw.
  5468 | D:6      | Reached skill level 5 in Shields
  5548 | D:6      | Found a broken altar of Ashenzari.
  5867 | D:7      | Reached skill level 8 in Maces & Flails
  6192 | D:7      | Reached skill level 1 in Stealth
  6506 | D:7      | Reached skill level 9 in Maces & Flails
  6716 | D:7      | Found a hazy altar of Hepliaklqana.
  6832 | D:7      | Found a staircase to the Ecumenical Temple.
  6856 | Temple   | Entered the Ecumenical Temple
  6865 | Temple   | Became a worshipper of Warmaster Okawaru
  7167 | D:9      | Reached XP level 10. HP: 47/61 MP: 10/10
  7665 | D:9      | Reached * piety under Okawaru
  8169 | D:8      | Reached skill level 10 in Maces & Flails
  8216 | D:8      | Reached skill level 1 in Throwing
  8568 | D:8      | Reached ** piety under Okawaru
  9037 | D:9      | Found a white marble altar of Elyvilon.
  9135 | D:9      | Reached *** piety under Okawaru
  9431 | D:10     | Entered Level 10 of the Dungeon
  9457 | D:9      | Reached XP level 11. HP: 26/68 MP: 11/11
  9471 | D:9      | Reached skill level 1 in Invocations
  9478 | D:9      | Slain by a yak

Illustrated notes

Levels and vault maps discovered:
D:1:      amcnicky_arrival_blooded_trapdoor, layout_basic, minmay_tromino_v4_a
D:2:      minmay_diamond_boxcup, layout_loops_ring,
          chequers_ecumenical_altar_simple_redux
D:3:      layout_basic, nicolae_qazlal_beasts_of_the_sky
D:4:      layout_cave_pods, mainiacjoe_overflow_surrounded_room,
          mainiacjoe_overflow_six_doors_small
D:5:      layout_loops_ring, kennysheep_slug_shrine, tso_altar,
          portal_sewer_entry_e, chequers_serial_rivers_large_a, uniq_duvessa
D:6:      layout_loops_ring, kennysheep_mini, mainiacjoe_overflow_alcove_4,
          nicolae_uskayaw_dance_hall, gammafunk_ghost_hive
D:7:      layout_rooms, mainiacjoe_overflow_alcove_2, temple_green,
          hangedman_decor_riveting, serial_park_tiny_1, hangedman_decor_points
D:8:      minmay_opposing_rooms, layout_rooms
D:9:      layout_gridville, elyvilon_altar_5
D:10:     layout_roguey, mainiacjoe_overflow_small_starburst,
          erik_lair_orcish_takeover, uniq_grum
Temple:   hellmonk_temple_of_storms

Skill      XL: |  1  2  3  4  5  6  7  8  9 10 11 |
---------------+----------------------------------+-----
Maces & Flails | 4 5 6 7 9 10 | 10.7
Armour         | 4 5 6 7 9 |  9.2
Fighting       | 4 5 6 7 |  7.8
Dodging        | 1 2 3 |  3.5
Shields        | 4 6 |  6.5
Stealth        | 1 |  1.9
Throwing       | 2 |  2.2
Invocations    | 1 |  1.1

Action                     |  1- 3 |  4- 6 |  7- 9 | 10-12 || total
---------------------------+-------+-------+-------+-------++-------
  Melee: Flail             |   142 |   255 |   398 |   250 ||  1045
  Throw: Dart              |       |       |       |    13 ||    13
 Armour: Scale mail        |   135 |   169 |   309 |   177 ||   790
         Plate armour      |       |       |       |    26 ||    26
  Dodge: Dodged            |    99 |   116 |   243 |   110 ||   568
  Block: Buckler           |    32 |    55 |    90 |    60 ||   237

Table legend: (Time is in decaauts)
 A = Elapsed time spent in this place.
 B = Non-inter-level travel time spent in this place.
 C = Inter-level travel time spent in this place.
 D = Time resting spent in this place.
 E = Time spent auto-exploring this place.
 F = Levels seen in this place.
 G = Mean time per level.
                   A        B        C        D        E       F      G
               +--------+--------+--------+--------+--------+-----+--------+
         Total |   9602 |   8936 |    666 |    869 |   5988 |  11 |  872.9 |
       Dungeon |   9583 |   8933 |    650 |    869 |   5988 |  10 |  958.3 |
        Temple |     18 |      2 |     16 |      0 |      0 |   1 |   18.0 |
               +--------+--------+--------+--------+--------+-----+--------+

Top non-repeatable levels by time:
     D:4: 1478 daAuts
     D:9: 1214 daAuts
     D:8: 1203 daAuts
     D:6: 1155 daAuts
     D:5: 1137 daAuts
     D:7: 1040 daAuts
     D:2: 867 daAuts
     D:3: 804 daAuts
     D:1: 675 daAuts
  Temple: 18 daAuts
    D:10: 7 daAuts
